Unix NetHack Version 3.7.0-62 Work-in-progress - last build Aug 24 2022 02:59:55 (1754fd7919031489bd266d173cb7fe17fa02ec73,branch:master).

Game began 2022-08-28 19:05:53, ended 2022-08-28 19:32:43.

Gandelf, neutral male human Monk

  
stone
stone
stone
stone
stone
stone
stone
stone
stone
stone
stone
stone
stone
stone
stone
stone
stone
stone
stone
stone
stone
stone
stone
stone
stone
stone
stone
stone
stone
stone
stone
stone
stone
stone
stone
stone
stone
stone
stone
stone
stone
stone
stone
stone
stone
stone
stone
stone
stone
stone
stone
stone
stone
stone
stone
stone
stone
stone
stone
stone
stone
stone
stone
stone
stone
stone
stone
stone
stone
stone
stone
stone
stone
stone
stone
stone
stone
stone
stone
stone
stone
stone
stone
stone
stone
stone
stone
stone
stone
stone
stone
stone
stone
stone
stone
stone
stone
stone
stone
stone
stone
stone
stone
stone
stone
stone
stone
stone
stone
stone
stone
stone
stone
stone
stone
stone
stone
stone
stone
stone
stone
stone
stone
stone
stone
stone
stone
stone
stone
stone
stone
stone
stone
stone
stone
stone
stone
stone
stone
stone
stone
stone
stone
stone
stone
stone
stone
stone
stone
stone
stone
stone
stone
stone
stone
stone
stone
stone
stone
stone
stone
stone
stone
stone
stone
stone
stone
stone
stone
stone
stone
stone
stone
stone
stone
stone
stone
stone
stone
stone
stone
stone
stone
stone
stone
stone
stone
stone
stone
stone
stone
stone
stone
stone
stone
stone
stone
stone
stone
stone
stone
stone
stone
stone
stone
stone
stone
stone
stone
stone
stone
stone
stone
stone
stone
stone
stone
stone
stone
stone
stone
stone
stone
stone
stone
stone
stone
stone
stone
stone
stone
stone
stone
stone
stone
stone
stone
stone
stone
stone
stone
stone
stone
stone
stone
stone
stone
stone
stone
stone
stone
stone
stone
stone
stone
stone
stone
stone
stone
stone
stone
stone
stone
stone
stone
wall
wall
wall
wall
wall
wall
wall
wall
wall
wall
wall
wall
wall
wall
wall
wall
wall
wall
wall
wall
wall
wall
wall
wall
stone
stone
stone
stone
stone
stone
stone
stone
stone
stone
stone
stone
stone
stone
stone
stone
stone
stone
stone
stone
stone
stone
stone
stone
stone
stone
stone
stone
stone
stone
stone
stone
stone
stone
stone
stone
stone
stone
stone
stone
stone
stone
stone
stone
stone
stone
stone
stone
stone
stone
stone
stone
stone
stone
stone
wall
.dark part of a room
.dark part of a room
.dark part of a room
.dark part of a room
.dark part of a room
.dark part of a room
.dark part of a room
.dark part of a room
.dark part of a room
.dark part of a room
.dark part of a room
.dark part of a room
.dark part of a room
.dark part of a room
.dark part of a room
.dark part of a room
.dark part of a room
.dark part of a room
.dark part of a room
.dark part of a room
.dark part of a room
.floor of a room
wall
stone
stone
stone
stone
stone
stone
stone
stone
stone
stone
stone
stone
stone
stone
stone
stone
stone
stone
stone
stone
stone
stone
stone
stone
stone
stone
stone
stone
stone
stone
stone
stone
stone
stone
stone
stone
stone
stone
stone
stone
stone
stone
stone
stone
stone
stone
stone
stone
stone
stone
stone
stone
stone
stone
stone
wall
.dark part of a room
.dark part of a room
wall
wall
wall
wall
wall
wall
wall
wall
wall
wall
wall
wall
wall
wall
wall
wall
wall
wall
wall
.floor of a room
wall
stone
stone
stone
stone
stone
stone
stone
stone
stone
stone
stone
stone
stone
stone
stone
stone
stone
stone
stone
stone
stone
stone
stone
stone
stone
stone
stone
stone
stone
stone
stone
stone
stone
stone
stone
stone
stone
stone
stone
stone
stone
stone
stone
stone
stone
stone
stone
stone
stone
stone
stone
stone
stone
wall
wall
wall
wall
.dark part of a room
wall
stone
stone
stone
stone
wall
wall
wall
wall
wall
stone
stone
stone
stone
stone
stone
stone
stone
wall
.floor of a room
wall
stone
stone
stone
stone
stone
stone
stone
stone
stone
stone
stone
stone
stone
stone
stone
stone
stone
stone
stone
stone
stone
stone
stone
stone
stone
stone
stone
stone
stone
stone
stone
stone
stone
stone
stone
stone
stone
stone
stone
stone
stone
stone
stone
stone
stone
stone
stone
stone
stone
stone
stone
stone
stone
wall
.dark part of a room
.dark part of a room
wall
.dark part of a room
wall
wall
stone
stone
wall
wall
.dark part of a room
.dark part of a room
.dark part of a room
wall
stone
stone
stone
stone
stone
stone
stone
stone
wall
.floor of a room
wall
stone
stone
stone
stone
stone
stone
stone
stone
stone
stone
stone
stone
stone
stone
stone
stone
stone
stone
stone
stone
stone
stone
stone
stone
stone
stone
stone
stone
stone
stone
stone
stone
stone
stone
stone
stone
stone
stone
stone
stone
stone
stone
stone
stone
stone
stone
stone
stone
stone
stone
stone
stone
stone
wall
.dark part of a room
.dark part of a room
.dark part of a room
.dark part of a room
0a boulder
wall
wall
wall
wall
.dark part of a room
.dark part of a room
.dark part of a room
.dark part of a room
wall
stone
stone
stone
stone
stone
stone
stone
stone
wall
.floor of a room
wall
stone
stone
stone
stone
stone
stone
stone
stone
stone
stone
stone
stone
stone
stone
stone
stone
stone
stone
stone
stone
stone
stone
stone
stone
stone
stone
stone
stone
stone
stone
stone
stone
stone
stone
stone
stone
stone
stone
stone
stone
stone
stone
stone
stone
stone
stone
stone
stone
stone
stone
stone
stone
stone
wall
.dark part of a room
.dark part of a room
.dark part of a room
.dark part of a room
.dark part of a room
wall
.dark part of a room
.dark part of a room
wall
.dark part of a room
.dark part of a room
.dark part of a room
.dark part of a room
wall
stone
stone
stone
stone
stone
stone
stone
stone
wall
.floor of a room
wall
stone
stone
stone
stone
stone
stone
stone
stone
stone
stone
stone
stone
stone
stone
stone
stone
stone
stone
stone
stone
stone
stone
stone
stone
stone
stone
stone
stone
stone
stone
stone
stone
stone
stone
stone
stone
stone
stone
stone
stone
stone
stone
stone
stone
stone
stone
stone
stone
stone
stone
stone
stone
stone
wall
wall
.dark part of a room
.dark part of a room
.dark part of a room
.dark part of a room
wall
.dark part of a room
.dark part of a room
.dark part of a room
.dark part of a room
.dark part of a room
0a boulder
wall
wall
stone
stone
stone
stone
stone
stone
stone
stone
wall
.floor of a room
wall
stone
stone
stone
stone
stone
stone
stone
stone
stone
stone
stone
stone
stone
stone
stone
stone
stone
stone
stone
stone
stone
stone
stone
stone
stone
stone
stone
stone
stone
stone
stone
stone
stone
stone
stone
stone
stone
stone
stone
stone
stone
stone
stone
stone
stone
stone
stone
stone
stone
stone
stone
stone
stone
stone
wall
.dark part of a room
.dark part of a room
.dark part of a room
.dark part of a room
.dark part of a room
.dark part of a room
.dark part of a room
wall
.dark part of a room
.dark part of a room
.dark part of a room
wall
stone
stone
stone
wall
wall
wall
wall
wall
wall
wall
.floor of a room
wall
stone
stone
stone
stone
stone
stone
stone
stone
stone
stone
stone
stone
stone
stone
stone
stone
stone
stone
stone
stone
stone
stone
stone
stone
stone
stone
stone
stone
stone
stone
stone
stone
stone
stone
stone
stone
stone
stone
stone
stone
stone
stone
stone
stone
stone
stone
stone
stone
stone
stone
stone
stone
stone
stone
wall
.dark part of a room
.dark part of a room
.dark part of a room
%an iguana corpse
wall
.dark part of a room
.dark part of a room
wall
.dark part of a room
.dark part of a room
.dark part of a room
wall
stone
wall
wall
wall
.dark part of a room
.dark part of a room
.dark part of a room
.dark part of a room
.dark part of a room
wall
.floor of a room
wall
stone
stone
stone
stone
stone
stone
stone
stone
stone
stone
stone
stone
stone
stone
stone
stone
stone
stone
stone
stone
stone
stone
stone
stone
stone
stone
stone
stone
stone
stone
stone
stone
stone
stone
stone
stone
stone
stone
stone
stone
stone
stone
stone
stone
stone
stone
stone
stone
stone
stone
stone
stone
stone
stone
wall
.dark part of a room
.dark part of a room
.dark part of a room
.dark part of a room
wall
wall
wall
wall
.dark part of a room
.dark part of a room
.dark part of a room
wall
stone
wall
.dark part of a room
+closed door
1unknown creature causing you concern
.dark part of a room
2unknown creature causing you anxiety
1unknown creature causing you concern
1unknown creature causing you concern
wall
[a mummy wrapping
wall
stone
stone
stone
stone
stone
stone
stone
stone
stone
stone
stone
stone
stone
stone
stone
stone
stone
stone
stone
stone
stone
stone
stone
stone
stone
stone
stone
stone
stone
stone
stone
stone
stone
stone
stone
stone
stone
stone
stone
stone
stone
stone
stone
stone
stone
stone
stone
stone
stone
stone
stone
stone
stone
stone
wall
.dark part of a room
.dark part of a room
.dark part of a room
.dark part of a room
.dark part of a room
.dark part of a room
.dark part of a room
wall
.dark part of a room
.dark part of a room
wall
wall
stone
wall
wall
wall
.dark part of a room
1unknown creature causing you concern
.dark part of a room
.dark part of a room
1unknown creature causing you concern
wall
@human monk called Gandelf
wall
stone
stone
stone
stone
stone
stone
stone
stone
stone
stone
stone
stone
stone
stone
stone
stone
stone
stone
stone
stone
stone
stone
stone
stone
stone
stone
stone
stone
stone
stone
stone
stone
stone
stone
stone
stone
stone
stone
stone
stone
stone
stone
stone
stone
stone
stone
stone
stone
stone
stone
stone
stone
stone
stone
wall
wall
wall
wall
.dark part of a room
.dark part of a room
.dark part of a room
.dark part of a room
wall
.dark part of a room
wall
wall
stone
stone
wall
.dark part of a room
-open door
.dark part of a room
.dark part of a room
.dark part of a room
1unknown creature causing you concern
ftame housecat
Mhuman mummy
utame pony
wall
stone
stone
stone
stone
stone
stone
stone
stone
stone
stone
stone
stone
stone
stone
stone
stone
stone
stone
stone
stone
stone
stone
stone
stone
stone
stone
stone
stone
stone
stone
stone
stone
stone
stone
stone
stone
stone
stone
stone
stone
stone
stone
stone
stone
stone
stone
stone
stone
stone
stone
stone
stone
stone
stone
stone
stone
stone
wall
wall
wall
)a runed spear
wall
wall
.dark part of a room
wall
stone
stone
stone
wall
wall
wall
(a brass lantern
.dark part of a room
.floor of a room
hdwarf queen
@werewolf
wall
wall
wall
stone
stone
stone
stone
stone
stone
stone
stone
stone
stone
stone
stone
stone
stone
stone
stone
stone
stone
stone
stone
stone
stone
stone
stone
stone
stone
stone
stone
stone
stone
stone
stone
stone
stone
stone
stone
stone
stone
stone
stone
stone
stone
stone
stone
stone
stone
stone
stone
stone
stone
stone
stone
stone
stone
stone
stone
stone
stone
wall
.dark part of a room
.dark part of a room
.dark part of a room
.dark part of a room
%a Woodland-elf corpse
wall
stone
stone
stone
wall
?a scroll
-open door
.floor of a room
.floor of a room
.floor of a room
Oogre
.dark part of a room
wall
stone
stone
stone
stone
stone
stone
stone
stone
stone
stone
stone
stone
stone
stone
stone
stone
stone
stone
stone
stone
stone
stone
stone
stone
stone
stone
stone
stone
stone
stone
stone
stone
stone
stone
stone
stone
stone
stone
stone
stone
stone
stone
stone
stone
stone
stone
stone
stone
stone
stone
stone
stone
stone
stone
stone
stone
stone
stone
stone
stone
wall
>staircase down
.dark part of a room
wall
.dark part of a room
.dark part of a room
wall
stone
stone
stone
wall
wall
wall
.floor of a room
.floor of a room
.floor of a room
.floor of a room
1unknown creature causing you concern
wall
stone
stone
stone
stone
stone
stone
stone
stone
stone
stone
stone
stone
stone
stone
stone
stone
stone
stone
stone
stone
stone
stone
stone
stone
stone
stone
stone
stone
stone
stone
stone
stone
stone
stone
stone
stone
stone
stone
stone
stone
stone
stone
stone
stone
stone
stone
stone
stone
stone
stone
stone
stone
stone
stone
stone
stone
stone
stone
stone
stone
wall
wall
wall
wall
wall
wall
wall
stone
stone
stone
stone
stone
wall
wall
wall
wall
wall
wall
wall
stone
stone
stone
stone
stone
stone
stone
stone
stone
stone
stone
stone
stone
stone
stone
stone
stone
stone
stone
stone
stone
stone
stone
stone
stone
stone
stone
stone
stone
stone
stone
stone
stone
stone
stone
stone
stone
stone
stone
stone
stone
stone
stone
stone
stone
stone
stone
stone
stone
stone
stone
stone
stone
stone
stone
stone
stone
stone
stone
stone
stone
stone
stone
stone
stone
stone
stone
stone
stone
stone
stone
stone
stone
stone
stone
stone
stone
stone
stone
stone
stone
stone
stone
stone
stone
stone
stone
stone
stone
stone
stone
stone
stone
stone
stone
stone
stone
stone
stone
stone
stone
stone
stone
stone
stone
stone
stone
stone
[Gandelf the Initiate ] St:16 Dx:17 Co:10 In:12 Wi:15 Ch:9 Neutral S:6467 Dlvl:3 $:1799 HP:0(52) Pw:15(40) AC:4 Xp:7/1077 T:2811

Latest messages:

You kill the gremlin!
The scorpion turns into a large kobold!
What do you want to throw? [$oCY or ?*] *
In what direction? h
The kitten devours an uncursed fortune cookie.
The pony steps reluctantly over a mummy wrapping.
In what direction? .
You feel better.
You hit the human mummy!
The human mummy hits!
The human mummy hits!
The kitten misses the rothe.
You hit the human mummy!
The human mummy hits!
The human mummy hits!
The kitten bites the iguana.
The iguana is killed!
Your kitten grows up into a housecat.
You hit the human mummy!
The human mummy hits!
The human mummy hits!
The pony steps reluctantly over a mummy wrapping.
The housecat misses the rothe.
The human mummy hits!
The human mummy hits!
The housecat misses it.
You swap places with your pony.
You swap places with your pony.
You hear some noises.
In what direction? .
You feel better.
In what direction? .
You feel better.
The human mummy hits!
The human mummy hits!
You hit the human mummy!
The human mummy hits!
The human mummy hits!
You hit the human mummy!
The human mummy hits!
The human mummy hits!
You hit the human mummy!
The human mummy hits!
The human mummy hits!
You die...
Do you want your possessions identified? [ynq] (y) y
Do you want to see your attributes? [ynq] (y) y
Do you want an account of creatures vanquished? [ynaq] (y) y
Do you want to see your conduct and achievements? [ynq] (y) y
Do you want to see the dungeon overview? [ynq] (y) y

Major events:

Turn

1: Gandelf the neutral male human Monk entered the dungeon
424: attained the rank of Novice (level 3)
535: entered Sokoban
1278: completed sokoban 1
1281: attained the rank of Initiate (level 6)
1701: completed sokoban 2
2022: completed sokoban 3
2707: completed sokoban 4
2811: killed by a human mummy

Inventory:

Coins

$ - 1799 gold pieces

Weapons

Y - 11 +0 elven arrows
C - a +2 sling
o - 11 +0 darts (at the ready)

Armor

a - an uncursed +2 pair of leather gloves (being worn)
E - an uncursed +0 dwarvish cloak
M - an uncursed +0 mummy wrapping
b - an uncursed +1 robe (being worn)

Comestibles

g - 3 uncursed apples
U - an uncursed candy bar labeled "Crispy Yum Yum"
F - an uncursed cream pie
f - an uncursed food ration
p - 2 uncursed food rations
i - 2 uncursed fortune cookies
x - an uncursed fortune cookie
h - 6 uncursed oranges
A - 5 uncursed tripe rations
w - a cursed rotten tin of dwarf meat
V - an uncursed egg
m - an uncursed lichen corpse
P - an uncursed lizard corpse

Scrolls

y - 3 uncursed scrolls of earth
k - an uncursed scroll of enchant weapon
t - an uncursed scroll of identify
G - a cursed scroll of identify
d - an uncursed scroll of magic mapping
n - a cursed scroll of remove curse

Spellbooks

c - a blessed spellbook of healing

Potions

H - a cursed potion of full healing
T - an uncursed potion of gain energy
e - 3 uncursed potions of water

Rings

S - an uncursed ring of regeneration
X - a cursed ring of shock resistance

Wands

L - a wand of digging (0:8)
s - a wand of fire (0:7)
u - a wand of secret door detection (0:11)
R - a wand of speed monster (0:6)

Tools

r - an uncursed brass lantern
l - an uncursed mirror

Gems/Stones

q - an uncursed garnet stone
B - 2 uncursed opals
j - an uncursed worthless piece of green glass
N - an uncursed worthless piece of yellow glass
D - 3 uncursed rocks

Gandelf the Monk's attributes:


Background:

You were an Initiate, a level 7 male human Monk.
You were neutral, nominally on a mission for Chih Sung-tzu
who was opposed by Shan Lai Ching (lawful) and Huan Ti (chaotic).
You were in Sokoban, on level 3.
You entered the dungeon 2811 turns ago.
There was a new moon in effect when your adventure ended.
You had 1077 experience points, 203 more were needed to attain level 8.
Your score was 6467 before end-of-game adjustments.

Basics:

You had 0 out of 52 hit points.
You had 15 out of 40 energy points (spell power).
Your armor class was 4.
Your wallet contained 1799 zorkmids.
Autopickup was off.

Final Characteristics:

Your strength was 16 (limit:18/100).
Your dexterity was 17 (limit:18).
Your constitution was 10 (limit:18).
Your intelligence was 12 (limit:18).
Your wisdom was 15 (limit:18).
Your charisma was 9 (limit:18).

Final Status:

You were not hungry.
You were unencumbered.
You were empty handed.
You had basic skill with martial arts and could have enhanced that.

Final Attributes:

You were piously aligned.
You were sleep resistant.
You were poison resistant.
You saw invisible.
You were warned.
You were stealthy.
You were guarded.
You were fast.
You are dead.

Miscellaneous:
You never encountered a bones level.
Total elapsed playing time was 26 minutes and 47 seconds.

Vanquished creatures:

a giant mimic
an ochre jelly
a human mummy
a chameleon
a quivering blob
a cockatrice
a gremlin
an orc mummy
3 lizards
a gnome mummy
2 Woodland-elves
2 bugbears
a wood nymph
3 yellow lights
a shrieker
a gnomish wizard
a ghoul
a paper golem
2 giant ants
a little dog
a kobold leader
a rothe
a centipede
2 giant bats
a werejackal
5 iguanas
2 acid blobs
a hobbit
2 large kobolds
7 hobgoblins
a giant rat
a green mold
a gnome
a gnome zombie
2 geckos
4 jackals
a fox
a kobold
a grid bug
a lichen
2 kobold zombies
3 newts
69 creatures vanquished.
No species were genocided or became extinct.

Voluntary challenges:

You followed a strict vegan diet.
You were an atheist.
You never hit with a wielded weapon.
You read items or engraved 1 time.
You never engraved Elbereth.
You never genocided any monsters.
You never polymorphed an object.
You never changed form.
You used no wishes.
You did not violate any of the special Sokoban rules.

Achievements:

You entered a shop.
You attained the rank of Novice.
You entered Sokoban.
You attained the rank of Initiate.

The Dungeons of Doom: levels 1 to 8

   Level 1:
A fountain.
Level 2:
Level 3:
A scroll shop, some fountains.
Level 4:
Some fountains.
Level 5:
Level 6:
Level 7:
A throne, a fountain.
Stairs up to Sokoban, level 6.
Level 8:
A fountain.

Sokoban: levels 6 up to 3

   Level 3: <- You were here.
Solved.
Final resting place for
you, killed by a human mummy.
Level 4:
Solved.
Level 5:
Solved.
Level 6:
Solved.

Game over:

----------
/ \
/ REST \
/ IN \
/ PEACE \
/ \
| Gandelf |
| 1799 Au |
| killed by a |
| human mummy |
| |
| |
| 2022 |
*| * * * | *
_________)/\\_//(\/(/\)/\//\/|_)_______

Goodbye Gandelf the Monk...


You died in Sokoban on dungeon level 3 with 6288 points,
and 1799 pieces of gold, after 2811 moves.
You were level 7 with a maximum of 52 hit points when you died.